 Dungeon Crawl Stone Soup version 0.25-b1-46-gb8a1ec05df (webtiles) character file.

Game seed: 13487221748360841987

153 nikku the Skirmisher (level 5, -1/43 HPs)
             Began as a Demonspawn Berserker on June 9, 2020.
             Was a Believer of Trog.
             Slain by a gnoll
             ... wielding a +0 halberd
              (2 damage)
             ... on level 3 of the Dungeon.
             The game lasted 00:03:59 (2915 turns).

nikku the Skirmisher (Demonspawn Berserker)         Turns: 2915, Time: 00:04:00

Health: -1/43      AC:  7    Str: 18    XL:     5   Next: 12%
Magic:  5/5        EV: 11    Int:  8    God:    Trog [**....]
Gold:   92         SH:  0    Dex: 13    Spells: 4/4 levels left

rFire    . . .     SeeInvis .   e - +1 hand axe (curse)
rCold    . . .     Gourm    .   (no shield)
rNeg     . . .     Faith    .   f - +0 ring mail
rPois    .         Spirit   .   (helmet restricted)
rElec    .         Reflect  .   (no cloak)
rCorr    .         Harm     .   (no gloves)
MR       .....                  (no boots)
Stlth    +.........             (no amulet)
HPRegen  0.14/turn              g - ring of flight (curse)
MPRegen  0.09/turn              (no ring)

@: berserk cooldown, slowed, glowing, very slow
A: horns 2, icy blue scales 1
a: Berserk, Trog's Hand, Renounce Religion, Evoke Flight


You were on level 3 of the Dungeon.
You worshipped Trog.
Trog was pleased with you.
You were very hungry.

You visited 1 branch of the dungeon, and saw 3 of its levels.

You collected 92 gold pieces.

Inventory:

Hand Weapons
 e - a cursed +1 hand axe (weapon)
Armour
 f - a +0 ring mail (worn)
Jewellery
 g - a cursed ring of flight (left hand)
Scrolls
 b - a scroll of random uselessness {unknown}
 d - 4 scrolls of identify
 i - a scroll of teleportation
Potions
 a - a potion of curing
 h - a potion of invisibility {unknown}
 k - a potion of resistance {unknown}
 l - 2 potions of degeneration {unknown}
 m - 2 potions of magic {unknown}
Comestibles
 c - 3 rations


   Skills:
 * Level 4.3 Fighting
 * Level 3.9 Axes
 + Level 2.6 Armour
 - Level 1.7 Dodging


You had 4 spell levels left.
You didn't know any spells.
Your spell library was empty.

Dungeon Overview and Level Annotations

Branches:
Dungeon (3/15)

Altars:
Elyvilon
Nemelex Xobeh
Sif Muna
Trog
Vehumet
Wu Jian
Xom

Annotations:
D:3 1 runed translucent door


Innate Abilities, Weirdness & Mutations

You have a pair of horns on your head.
You are partially covered in icy blue scales. (AC +2)


Message History

You are too injured to fight recklessly!
You are too injured to fight recklessly!
You are too injured to fight recklessly!
You hit the gnoll.
The gnoll is almost dead.
The gnoll hits you.
* * * LOW HITPOINT WARNING * * *
The gnoll closely misses you.
You hit the gnoll.
You kill the gnoll!
Trog accepts your kill. The gnoll barely misses you.
The gnoll hits you but does no damage.
You are too injured to fight recklessly!
You hit the gnoll. Your headbutt misses the gnoll.
The gnoll is heavily wounded.
The gnoll hits you with a +0 halberd!
* * * LOW HITPOINT WARNING * * *
The gnoll hits you with a +0 halberd.
You die...

#####.##
#......#
#.####.##
#.####).#
#.....#.#
....###...#
. # ##..##
##..#
##.####@#
.._..A#g#
#+.####)#
#..# #..)#
#..#.#
...#..#
#### .## #.


You could see an angel and a gnoll.

Vanquished Creatures
  A worker ant (D:2)
  3 adders (D:2)
  3 gnolls (D:3)
  2 oozes (D:1)
  A dart slug (D:1)
  3 leopard geckos
  4 bats
  A giant cockroach (D:2)
  7 goblins
  6 hobgoblins
  8 jackals
  A ball python (D:2)
  5 frilled lizards
  6 kobolds (D:1)
  8 rats
59 creatures vanquished.

Notes
Turn   | Place    | Note
-------+----------+-------------------------------------------
     0 | D:1      | nikku the Demonspawn Berserker began the quest for the Orb.
     0 | D:1      | Reached XP level 1. HP: 18/18 MP: 1/1
   169 | D:1      | Gained mutation: You have a pair of small horns on your
                  | head. [demonic ancestry]
   169 | D:1      | Reached XP level 2. HP: 24/24 MP: 2/2
  1106 | D:1      | Gained mutation: You have a pair of horns on your head.
                  | [demonic ancestry]
  1106 | D:1      | Reached XP level 3. HP: 27/29 MP: 3/3
  1711 | D:2      | Reached ** piety under Trog
  1809 | D:2      | Found a radiant altar of Vehumet.
  1811 | D:2      | Found a shimmering altar of Xom.
  1811 | D:2      | Found a glowing golden altar of the Shining One.
  1830 | D:2      | Found a sparkling altar of Nemelex Xobeh.
  1830 | D:2      | Found an ornate altar of the Wu Jian Council.
  1830 | D:2      | Found a shimmering altar of Xom.
  2028 | D:2      | Reached XP level 4. HP: 34/37 MP: 4/4
  2034 | D:2      | Reached skill level 4 in Fighting
  2317 | D:2      | Found a shimmering blue altar of Sif Muna.
  2620 | D:2      | Found a bloodstained altar of Trog.
  2897 | D:3      | Found a white marble altar of Elyvilon.
  2897 | D:3      | Found a runed translucent door.
  2897 | D:3      | Noticed an angel
  2909 | D:3      | Gained mutation: You are partially covered in icy blue
                  | scales. (AC +2) [demonic ancestry]
  2909 | D:3      | Reached XP level 5. HP: 22/42 MP: 5/5
  2915 | D:3      | HP: 1/43 [gnoll/+0 halberd (7)]
  2915 | D:3      | Slain by a gnoll

Illustrated notes

Levels and vault maps discovered:
D:1:      nzn_arrival_crosshair, layout_basic
D:2:      layout_basic, bloody_trog, nicolae_overflow_crystal_walls,
          grunt_ministairs_11, doesnt_xom_only_xom
D:3:      layout_basic, lemuel_doored_altar, first_ration, lemuel_angel_altar

Skill      XL: |  1  2  3  4 |
---------------+-------------+-----
Axes           | 3 |  3.9
Armour         | 2 |  2.6
Fighting       | 4 |  4.3
Dodging        | |  1.7

Action                   |  1- 3 |  4- 6 || total
-------------------------+-------+-------++-------
Melee: Hand axe          |   105 |    37 ||   142
       Headbutt          |    14 |     6 ||    20
Invok: Berserk           |       |     1 ||     1
  Use: Scroll            |     3 |     3 ||     6
  Eat: Chunk             |     4 |     2 ||     6
Armor: Animal skin       |    15 |       ||    15
       Ring mail         |    12 |    13 ||    25
Dodge: Dodged            |    61 |    22 ||    83
